 Dungeon Crawl Stone Soup version 0.29-a0-892-g2c4c91d9db (webtiles) character file.

Game seed: 7574202383793853432

14 IdlyInterested the Vexing (level 2, -1/22 HPs)
             Began as a Demonspawn Wanderer on July 22, 2022.
             Killed from afar by a dart slug (2 damage)
             ... with a slug dart
             ... on level 1 of the Dungeon.
             The game lasted 00:02:51 (689 turns).

IdlyInterested the Vexing (Demonspawn Wanderer)      Turns: 689, Time: 00:02:52

Health: -1/22      AC:  2    Str: 11    XL:     2   Next: 27%
Magic:  3/3        EV: 11    Int: 14    God:
Gold:   24         SH:  4    Dex: 12    Spells: 3/3 levels left

rFire   . . .      SeeInvis .   (no weapon)
rCold   . . .      Faith    .   d - +0 buckler
rNeg    . . .      Spirit   .   c - +0 robe
rPois   .          Reflect  .   (no helmet)
rElec   .          Harm     .   (no cloak)
rCorr   .          Rampage  .   (no gloves)
Will    .....                   (no boots)
Stlth   ++........              (no amulet)
HPRegen 0.07/turn               (no ring)
MPRegen 0.08/turn               (no ring)

@: no status effects
A: demonic touch 1
a: no special abilities


You were on level 1 of the Dungeon.
You visited 1 branch of the dungeon, and saw 1 of its levels.

You collected 24 gold pieces.

Inventory:

Armour
 c - a +0 robe (worn)
 d - a +0 buckler (worn)
Scrolls
 e - a scroll of identify {unknown}


   Skills:
 + Level 2.2 Fighting
 * Level 1.2 Dodging
 - Level 1.0 Stealth
 - Level 1.7 Shields
 * Level 0.2 Unarmed Combat
 - Level 1.1 Spellcasting
 - Level 3.0 Hexes
 - Level 1.0 Translocations


You had 3 spell levels left.
You didn't know any spells.
Your spell library contained the following spells:

 Spells                   Type           Power      Damage    Failure   Level
 Slow                     Hex            36%        N/A       10%         1
 Apportation              Tloc           6%         N/A       22%         1
 Summon Guardian Golem    Hex/Summ       4%         N/A       50%         3
 Teleport Other           Tloc           3%         N/A       56%         3
 Anguish                  Hex/Necr       2%         N/A       88%         4


Dungeon Overview and Level Annotations

Branches:
Dungeon (1/15)

Altars:


Innate Abilities, Weirdness & Mutations

Your touch may inflict minor irresistible damage on your foes.


Message History

The kobold hits you with a +0 short sword.
You barely miss the kobold.
The kobold is heavily wounded.
The kobold misses you.
You hit the kobold.
The kobold is severely wounded.
The kobold misses you.
You closely miss the kobold.
The kobold is severely wounded.
You block the kobold's attack.
You hit the kobold.
You kill the kobold!
The ball python bites you.
* * * LOW HITPOINT WARNING * * *
The ball python grabs you. The ball python constricts you.
* * * LOW HITPOINT WARNING * * *
Unknown command.
You hit the ball python.
The ball python is heavily wounded.
The ball python barely misses you. The ball python constricts you.
* * * LOW HITPOINT WARNING * * *
You completely miss the ball python.
The ball python is heavily wounded.
The ball python bites you.
* * * LOW HITPOINT WARNING * * *
The ball python constricts you.
* * * LOW HITPOINT WARNING * * *
You closely miss the ball python.
The ball python is heavily wounded.
The ball python bites you but does no damage.
The ball python constricts you. The dart slug launches a dart at you.
The slug dart misses you.
The slug dart hits the ball python.
The ball python dies!
You hit the hobgoblin.
The hobgoblin is lightly wounded.
The hobgoblin barely misses you. The dart slug launches a dart at you.
The slug dart hits you.
You die...

##...# #.####...#.≈≈.#..
.#...# #.##.......≈....
.########.##...#.....####
#..................
###........w...####
#.......#........
#...)####.....###
#....##.# ##.#.#.#
........# #@.#.# ..
####.#### #g##.. .. #.
#l# l. # ... ..# ..... .#
#.....r #......!
......... .#.........


You could see a dart slug, a hobgoblin and a frilled lizard.

Vanquished Creatures
  A dart slug (D:1)
  A giant cockroach (D:1)
  A goblin (D:1)
  2 hobgoblins (D:1)
  A kobold (D:1)
  A quokka (D:1)
  A ball python (D:1)
  A bat (D:1)
  A frilled lizard (D:1)
10 creatures vanquished.

Vanquished Creatures (others)
  A ball python (D:1)
1 creature vanquished.

Grand Total: 11 creatures vanquished

Notes
Turn   | Place    | Note
-------+----------+-------------------------------------------
     0 | D:1      | IdlyInterested the Demonspawn Wanderer began the quest for
                  | the Orb.
     0 | D:1      | IdlyInterested set off with the following items: a +0
                  | dagger, a potion of heal wounds, a +0 robe, a +0 buckler;
                  | and the following spells available to memorise: Slow,
                  | Apportation, Summon Guardian Golem, Teleport Other,
                  | Anguish.
     0 | D:1      | Reached XP level 1. HP: 16/16 MP: 2/2
   383 | D:1      | Reached skill level 1 in Dodging
   383 | D:1      | Gained mutation: Your touch may inflict minor irresistible
                  | damage on your foes. [demonic ancestry]
   383 | D:1      | Reached XP level 2. HP: 12/22 MP: 3/3
   687 | D:1      | HP: 1/22 [constriction (1)]
   689 | D:1      | Killed from afar by a dart slug

Illustrated notes

Levels and vault maps discovered:
D:1:      kennysheep_arrival_forest, layout_rooms, serial_shops, shop,
          nicolae_ecumenical_lake_church, minmay_heptomino_d4

Skill      XL: |  1 |
---------------+----+-----
Dodging        | 1 |  1.2
Fighting       | |  2.2
Stealth        | |  1.0
Shields        | |  1.7
Unarmed Combat | |  0.2
Spellcasting   | |  1.1
Hexes          | |  3.0
Translocations | |  1.0

Action                   || total
-------------------------++-------
Melee: Dagger            ||    30
       Unarmed           ||    59
  Use: Potion            ||     1
Armor: Robe              ||    15
Dodge: Dodged            ||    52
Block: Buckler           ||    15

Table legend: (Time is in decaauts)
 A = Elapsed time spent in this place.
 B = Non-inter-level travel time spent in this place.
 C = Inter-level travel time spent in this place.
 D = Time resting spent in this place.
 E = Time spent auto-exploring this place.
 F = Levels seen in this place.
 G = Mean time per level.
                   A        B        C        D        E       F      G
               +--------+--------+--------+--------+--------+-----+--------+
         Total |    693 |    693 |      0 |    432 |    108 |   1 |  693.0 |
       Dungeon |    693 |    693 |      0 |    432 |    108 |   1 |  693.0 |
               +--------+--------+--------+--------+--------+-----+--------+

Top non-repeatable levels by time:
     D:1: 693 daAuts
